 Dungeon Crawl Stone Soup version 0.18-a0-1521-g59d19af (webtiles) character file.

404 Ijustatesigmund the Insei (level 6, -10/43 HPs)
             Began as an Octopode Transmuter on Mar 7, 2016.
             Killed from afar by an orc (17 damage)
             ... with a wand of lightning
             ... on level 4 of the Dungeon.
             The game lasted 00:14:38 (5335 turns).

Ijustatesigmund the Insei (Octopode Transmuter)     Turns: 5335, Time: 00:14:40

Health: -10/43     AC:  1    Str:  9    XL:     6   Next: 86%
Magic:  5/9        EV: 12    Int: 18    God:
Gold:   181        SH:  0    Dex: 12    Spells: 4 memorised, 1 level left

rFire  . . .     SeeInvis .       - Unarmed
rCold  . . .     Gourm    .     (no shield)
rNeg   . . .     Faith    .     (helmet restricted)
rPois  +         Spirit   .     (no amulet)
rElec  .         Dismiss  .     r - ring of poison resistance (curse)
rCorr  .         Reflect  .     (no ring)
SustAt .         Harm     .     (no ring)
MR     .....                    (no ring)
Stlth  +++.......               (no ring)
                                (no ring)
                                (no ring)
                                (no ring)

@: not resistant to hostile enchantments, fairly stealthy
A: almost no armour, amphibious, 8 rings, constrict 8, camouflage 1, gelatinous
body 1
a: no special abilities


You were on level 4 of the Dungeon.
You were not hungry.

You visited 1 branch of the dungeon, and saw 4 of its levels.
You also visited: Sewer.

You collected 181 gold pieces.

Inventory:

Hand Weapons
 o - a +0 blowgun
Missiles
 a - 74 arrows
 d - 2 tomahawks (quivered)
 k - 55 poisoned needles
 s - 5 arrows of flame
Jewellery
 r - a cursed ring of poison resistance (left tentacle)
Scrolls
 i - 4 scrolls of remove curse
Potions
 e - 7 potions of curing
 f - a potion of agility
 g - 3 potions of mutation
 h - a potion of magic
 l - 4 potions of heal wounds
 m - a potion of might {unknown}
 p - a potion of flight {unknown}
 q - a potion of brilliance {unknown}
Books
 b - a book of Changes

   Spells                             Type                      Level
   a - Beastly Appendage              Transmutation                1
   b - Sticks to Snakes               Transmutation                2
   c - Spider Form                    Transmutation/Poison         3
   d - Ice Form                       Ice/Transmutation            4
   e - Blade Hands                    Transmutation                5
 u - a book of Minor Magic

   Spells                             Type                      Level
   a - Magic Dart                     Conjuration                  1
   b - Blink                          Translocation                2
   c - Call Imp                       Summoning                    2
   d - Repel Missiles                 Charms/Air                   2
   e - Slow                           Hexes                        2
   f - Conjure Flame                  Conjuration/Fire             3
   g - Mephitic Cloud                 Conjuration/Poison/Air       3
Comestibles
 c - 2 bread rations
 j - 3 meat rations


   Skills:
 - Level 4.3 Fighting
 - Level 2.3 Dodging
 - Level 2.0 Stealth
 - Level 4.7 Unarmed Combat
 + Level 2.2 Spellcasting
 + Level 0.8 Translocations
 - Level 2.0 Transmutations
 - Level 2.6 Poison Magic


You had one spell level left.
You knew the following spells:

 Your Spells              Type           Power        Failure   Level  Hunger
a - Beastly Appendage     Trmt           #.....       10%         1    #......
b - Sticks to Snakes      Trmt           #.......     12%         2    ##.....
c - Spider Form           Trmt/Pois      ##........   24%         3    ###....
d - Blink                 Tloc           N/A          21%         2    ##.....


Dungeon Overview and Level Annotations

Branches:
Dungeon (4/15)
 Temple: D:4-7

Altars:
Makhleb
Sif Muna
Xom

Annotations:
D:4 Eustachio


Innate Abilities, Weirdness & Mutations

You cannot wear most types of armour.
You are amphibious.
You can wear up to eight rings at the same time.
You can use your tentacles to constrict eight enemies at once.
Your skin changes colour to match your surroundings (Stealth).
Your rubbery body absorbs attacks (AC +1).


Message History

You create a snake!
You now have 79 arrows.
What do you say? t - Shout!
Orders for allies: a - Attack new target. p - Attack previous target. r - Retreat! s - Stop attacking. w - Wait here. f - Follow me.
Anything else - Stay silent.
Gang up on whom?
Press: ? - help, Dir - move target cursor, f/p - orc
Aim: an orc, wielding a falchion and wearing a leather armour Attack!
You hear a bark!
The orc zaps a wand.
The bolt of lightning misses your ball python.
The bolt of lightning hits your adder.
Your adder dies!
The bolt of lightning hits you!
* * * LOW HITPOINT WARNING * * *
The bolt of lightning hits you!
You die...

.........
.........
.........
#o.......
#S.......
#........
#........
#........
#@.......
#########


You could see an orc and a friendly ball python.

Vanquished Creatures
  2 big kobolds (Sewer)
  A worker ant (D:4)
  8 adders
  7 river rats
  2 worms (D:3)
  2 dart slugs
  An orc (D:3)
  6 ball pythons
  9 bats
  3 giant cockroaches
  4 goblins
  7 hobgoblins
  10 jackals
  5 quokkas
  6 giant newts
  18 kobolds
  21 rats
112 creatures vanquished.

Vanquished Creatures (collateral kills)
  A river rat (D:3)
  A worm (D:3)
  A ball python (D:3)
  A giant cockroach (D:3)
  A kobold (Sewer)
  A rat (Sewer)
6 creatures vanquished.

Grand Total: 118 creatures vanquished

Notes
Turn   | Place    | Note
--------------------------------------------------------------
     0 | D:1      | Ijustatesigmund the Octopode Transmuter began the quest for the Orb.
     0 | D:1      | Reached XP level 1. HP: 13/13 MP: 3/3
   246 | D:1      | Reached XP level 2. HP: 19/19 MP: 5/5
   253 | D:1      | Learned a level 2 spell: Sticks to Snakes
  1207 | D:2      | Reached XP level 3. HP: 23/25 MP: 4/6
  1213 | D:2      | Learned a level 3 spell: Spider Form
  1219 | D:2      | Found a faded altar to an unknown god.
  1530 | D:2      | Found a burning altar of Makhleb.
  1530 | D:2      | Found a shimmering altar of Xom.
  1630 | D:2      | Reached skill level 1 in Poison Magic
  1630 | D:2      | Reached XP level 4. HP: 28/30 MP: 7/7
  2028 | D:2      | Found a deep blue altar of Sif Muna.
  2171 | D:3      | Found a burning altar of Makhleb.
  2182 | D:3      | Found a glowing drain.
  2275 | Sewer    | Entered a sewer
  2812 | Sewer    | Reached XP level 5. HP: 36/36 MP: 6/8
  3712 | Sewer    | Noticed a big kobold
  3725 | Sewer    | Killed a big kobold
  3725 | Sewer    | Reached XP level 6. HP: 25/43 MP: 4/9
  3998 | Sewer    | Reached skill level 1 in Stealth
  5253 | D:4      | Learned a level 2 spell: Blink
  5301 | D:4      | Noticed Eustachio
  5335 | D:4      | Killed from afar by an orc

Vault maps used:
D:1:      shiori_arrival_elements
D:2:      gammafunk_temple_overflow_elements, ecumenical_altar_1, first_bread,
          led_sif_pool
D:3:      portal_sewer_entry_c, grunt_ministairs_12, bloody_makhleb
D:4:      uniq_eustachio, uniq_menkaure, uniq_crazy_yiuf_cottage
Sewer:    sewer_minmay_treatment

Skill      XL: |  1  2  3  4  5  6 |
---------------+-------------------+-----
Fighting       | 2 3 4 |  4.3
Poison Magic   | 1 2 |  2.6
Unarmed Combat | 4 |  4.7
Stealth        | 2 |  2.0
Dodging        | |  2.3
Spellcasting   | |  2.2
Translocations | |  0.8
Transmutations | |  2.0

Action                   |  1- 3 |  4- 6 || total
-------------------------+-------+-------++-------
Melee: Unarmed           |    78 |   198 ||   276
Throw: Tomahawk          |       |     5 ||     5
 Cast: Beastly Appendage |     2 |    19 ||    21
       Sticks to Snakes  |       |    11 ||    11
  Use: Scroll            |     5 |     6 ||    11
       Potion            |       |     6 ||     6
 Stab: Sleeping          |     5 |     7 ||    12
  Eat: Chunk             |     2 |     4 ||     6
       Bread ration      |       |     2 ||     2
       Beef jerky        |       |     1 ||     1
